 Dungeon Sprint DCSS version 0.27-a0-1232-gc6a4cbde82 (webtiles) character file.

Game seed: 8882286577375096646

71 night the Cudgeller (level 4, -4/66 HPs)
             Began as an Ogre Gladiator on June 8, 2021.
             Slain by a black bear (12 damage)
             ... in the Dungeon (Sprint IX: "|||||||||||||||||||||||||||||").
             The game lasted 00:00:42 (109 turns).

night the Cudgeller (Ogre Gladiator)                 Turns: 109, Time: 00:00:43

Health: -4/66      AC:  3    Str: 18    XL:     4   Next: 24%
Magic:  4/4        EV: 10    Int: 10    God:
Gold:   0          SH:  0    Dex: 10    Spells: 3/3 levels left

rFire    . . .     SeeInvis .   a - +0 flail
rCold    . . .     Faith    .   (no shield)
rNeg     . . .     Spirit   .   b - +0 robe
rPois    .         Reflect  .   c - +0 hat
rElec    .         Harm     .   (no cloak)
rCorr    .         Rampage  .   (gloves unavailable)
Will     .....     NoTele   +   (boots unavailable)
Stlth    ..........             (no amulet)
HPRegen  0.21/turn              (no ring)
MPRegen  0.09/turn              (no ring)

@: berserking, very quick
A: large, unfitting armour, tough skin 1
a: no special abilities


You were in the Dungeon.
You visited 1 branch

Inventory:

Hand Weapons
 a - a +0 flail (weapon)
Armour
 b - a +0 robe (worn)
 c - a +0 hat (worn)
Scrolls
 j - a scroll of blinking
Potions
 e - a potion of curing
 g - a potion of haste
 h - 2 potions of magic


   Skills:
 - Level 2.6 Fighting
 + Level 7.8 Maces & Flails
 - Level 2.0 Throwing
 - Level 2.6 Dodging


You had 3 spell levels left.
You didn't know any spells.
Your spell library was empty.

Dungeon Overview and Level Annotations

Branches:
Dungeon (1/1)

Altars:


Innate Abilities, Weirdness & Mutations

You are too large for most types of armour.
You have tough skin. (AC +1)


Message History

The black bear is lightly wounded.
The black bear struggles against the net.
You hit the black bear but do no damage.
The black bear is lightly wounded.
The black bear struggles against the net.
You barely miss the black bear.
The black bear is lightly wounded.
The black bear struggles against the net.
You hit the black bear.
The black bear is lightly wounded.
The black bear struggles against the net.
The net rips apart, and the black bear comes free!
You barely miss the black bear.
The black bear is lightly wounded.
The black bear bites you.
* * * LOW HITPOINT WARNING * * *
The black bear barely misses you. The black bear claws you.
* * * LOW HITPOINT WARNING * * *
A red film seems to cover your vision as you go berserk!
You feel yourself moving faster!
You feel mighty! The black bear bites you.
* * * LOW HITPOINT WARNING * * *
The black bear barely misses you. The black bear claws you.
* * * LOW HITPOINT WARNING * * *
You thump the black bear!
The black bear is severely wounded.
You closely miss the black bear.
The black bear is severely wounded.
The black bear goes berserk!
You barely miss the black bear.
The black bear is severely wounded.
The black bear bites you.
* * * LOW HITPOINT WARNING * * *
The black bear claws you.
* * * LOW HITPOINT WARNING * * *
The black bear claws you.
* * * LOW HITPOINT WARNING * * *
You barely miss the black bear.
The black bear is severely wounded.
The black bear bites you!
You die...

▓.▓
▓.▓
▓.▓
▓†▓
▓†▓
▓.▓
▓.▓
▓.▓
▓@▓
▓h▓
▓Z▓
▓.▓
▓.▓
▓.▓
▓.▓
▓+▓


You could see a black bear (berserk) and a giant cockroach zombie.

Vanquished Creatures
  2 hounds (D)
  An ufetubus (D)
  A dart slug (D)
  An endoplasm (D)
  A giant cockroach (D)
  2 hobgoblins (D)
8 creatures vanquished.

Notes
Turn   | Place    | Note
-------+----------+-------------------------------------------
     0 | D        | night the Ogre Gladiator began the quest for the Orb.
     0 | D        | Reached XP level 1. HP: 22/22 MP: 1/1
    12 | D        | Reached skill level 3 in Maces & Flails
    21 | D        | Reached skill level 4 in Maces & Flails
    25 | D        | Reached XP level 2. HP: 25/29 MP: 2/2
    70 | D        | Noticed a black bear
    77 | D        | Reached skill level 6 in Maces & Flails
    77 | D        | Reached XP level 3. HP: 24/36 MP: 3/3
    89 | D        | Reached skill level 7 in Maces & Flails
    89 | D        | Reached XP level 4. HP: 16/44 MP: 4/4
   108 | D        | HP: 9/66 [black bear (2)]
   109 | D        | Slain by a black bear

Illustrated notes

Levels and vault maps discovered:
D:        linesprint [early_d, line_temple, items_1, d_10, items_2, lair_1,
          lair_end, items_3, orc_1, orc_end, items_4, d_15, swamp_1, shoals_1,
          snake_1, spider_1, d_20, vaults_1, items_5, swamp_end, shoals_end,
          snake_end, spider_end, vaults_end, d_27, items_6, zot_1, zot_end,
          crypt_end, forest_end, elf_end, slime_end, tomb_end, abyss_end,
          pan_hell_end]

Skill      XL: |  1  2  3 |
---------------+----------+-----
Maces & Flails | 4 6 7 |  7.8
Fighting       | |  2.6
Throwing       | |  2.0
Dodging        | |  2.6

Action                   |  1- 3 |  4- 6 || total
-------------------------+-------+-------++-------
Melee: Flail             |    36 |    18 ||    54
Throw: Throwing net      |     2 |     1 ||     3
  Use: Potion            |       |     2 ||     2
Armor: Robe              |    12 |     8 ||    20
Dodge: Dodged            |    20 |    12 ||    32

Table legend: (Time is in decaauts)
 A = Elapsed time spent in this place.
 B = Non-inter-level travel time spent in this place.
 C = Inter-level travel time spent in this place.
 D = Time resting spent in this place.
 E = Time spent auto-exploring this place.
 F = Levels seen in this place.
 G = Mean time per level.
                   A        B        C        D        E       F      G
               +--------+--------+--------+--------+--------+-----+--------+
         Total |    114 |    114 |      0 |     38 |      0 |   1 |  114.0 |
       Dungeon |    114 |    114 |      0 |     38 |      0 |   1 |  114.0 |
               +--------+--------+--------+--------+--------+-----+--------+

Top non-repeatable levels by time:
       D: 114 daAuts
